Arrhythmia, lawful female dwarven Valkyrie ------ --------------------------------- -..|.--- 0...............................| .......| --- ------------#------------------.|---- ......- |. ......... ...|.--..--- -....... |.-------------......------------.|.......| --...... |.|...|...|...|......|......|...|.|.......| ---......- .|...........|......-..|...|[............-- |.......- |.|...|...|...|..0...|..|....[)[|.#........-- |....<..| |.|...|...|-|--......-----|---|--.|.........-- |......-- ------|?|.--|---.--......[.).[[.......[)[.|/.........| --- --.....-- --.|.|.|.|..............[........{...[...[*|).........| -----.--- |....--- |........|.--|---%--....%--...--..........[|..........| --.--....-- --.....| --........|.|...|*.[|----%|.....|.------.--.|.....--.-----.........| |....|.---|../---[..|.|...|...|...|.|.....|.|..| ...|.|....----- |..........-- --.--|...--.--- |...|.|...|...|...-%|.(@*.|.-..|....|.|....| |.....-...-- --- ---....| ---.|.|...|...|...|)|.[...|*|.......|.|...-- --......|.-- |...-- |.|.-------------[-------*---------.|+..| --.-.---..| --..| |.|=..................[".........../#..-- |...||...| |..| |.-----------#------------#----------.------------.-----.-- ---- |..................++[(..........................>.| --- ---------------------------------------------------- Arrhythmia the Fighter Experience level: 9 Strength: 9 Dexterity: 12 Constitution: 20 Intelligence: 8 Wisdom: 7 Charisma: 11 Health: 41(89) Energy: 12(12) AC: -1 Gold: 0 Moves: 3257 Your Inventory: Weapons a - the blessed rustproof +1 Excalibur (weapon in hand) k - an uncursed [+0] orcish short sword [of stealth] Armor c - an uncursed +3 small shield (being worn) i - a [blessed] +2 orcish helm (being worn) K - an [uncursed] +0 dwarvish cloak (being worn) L - an [uncursed] +1 pair of iron shoes (being worn) Comestibles d - 3 uncursed food rations t - an [uncursed] pear u - an uncursed partly eaten food ration Tools e - an uncursed oil lamp (0:1233) f - an uncursed bag [sack] r - an uncursed [+0] pick-axe s - an [uncursed tallow] candle E - an uncursed blindfold Q - an uncursed key [skeleton key] Contents of the sack: 196 gold pieces Spells known in the end: Name Level Category Fail Memory Your skills at the end: Fighting Skills Weapon Skills dagger [Basic / Expert] long sword [Skilled / Expert] Spellcasting Skills Final Attributes: You were piously aligned. Hunger level was 2078. Your alignment was 26 / 26. Monster difficulty range was 1 - 7. Level difficulty was 6. You were immune to cold. You were immune to level-drain. You were blinded. You had automatic searching. You had infravision. You were stealthy. You were fast. Your luck was zero. You are dead. Vanquished creatures: a ghost 2 wolves a leprechaun 3 orc-captains 4 giant spiders a horse a dog 7 Mordor orcs 5 Uruk-hai 5 orc shamans 2 yellow lights 6 gnome lords a gnomish wizard a black naga hatchling a straw golem a giant ant 2 little dogs 3 dwarves a homunculus a kobold shaman 19 hill orcs 2 rothes a centipede a giant bat a monkey 2 iguanas 3 hobbits a large kobold a hobgoblin a giant rat a green mold 36 gnomes a gecko 5 jackals a fox a kobold 22 goblins a sewer rat 3 grid bugs 4 bats 2 lichens 158 creatures vanquished. Voluntary challenges: You used a wielded weapon 185 times. You read items or engraved 2 times. You put on armor 13 times. You never genocided any monsters. You never polymorphed an object. You never changed form. You used no wishes. You wrote Elbereth's name 1 time. You never encountered a bones level. You never used any Sokoban shortcuts. Dungeon overview: The Dungeons of Doom: levels 1 to 2 Level 1 a fountain a long staircase Level 2 stairs to The Gnomish Mines The Gnomish Mines: levels 3 to 7 Level 3 stairs to The Dungeons of Doom Level 6 <- You were here many shops, a temple, a magic chest, some fountains History has recorded: On T:1 you entered the Dungeons of Doom to retrieve the Amulet of Yendor! On T:409 you reached level 2 of The Dungeons of Doom. On T:433 you advanced to experience level 2. On T:489 you advanced to experience level 3. On T:703 you reached level 1 of The Gnomish Mines. On T:721 you advanced to experience level 4. On T:789 you advanced to experience level 5. On T:914 you reached level 2 of The Gnomish Mines. On T:1007 you advanced to experience level 6. On T:1672 you advanced to experience level 7. On T:1970 you reached level 3 of The Gnomish Mines. On T:2281 you reached level 4 of The Gnomish Mines. On T:2468 you advanced to experience level 8. On T:2646 you advanced to experience level 9. On T:3093 you reached level 5 of The Gnomish Mines. Latest messages: You're finally finished. [9 turns] There are several objects here. Everything looks SO boring now. [HP+1=41] [HP+1=42] The jackal just misses! You kill the jackal! [HP+1=43] The wolf misses. You hit the wolf! The wolf bites! [HP-4=39] You kill the wolf! [HP+1=40] You have an eerie feeling... You see here 9 rocks. Blecch! Rotten food! Everything suddenly goes dark. You're having a hard time getting all of it down. [HP+1=41] You choke over your food. You die... Final status: Farvel Arrhythmia the Valkyrie... You choked in The Gnomish Mines on dungeon level 6 with 7201 points, and 196 pieces of gold, after 3257 moves. You were level 9 with a maximum of 89 hit points when you choked.